AoeStats
← ArminGN

Arena

508073930Analyzed
1v1 RM · 12d ago on Sep 20, 2026· 50m 14s· 2 players
Game mode
Random Map
Map size
Tiny (2 player)
Population
200
Speed
Normal
Resources
Standard
Victory
Conquest
Starting age
Dark Age
Ending age
Imperial Age
RankedLock teamsTeams togetherTeam positionsShared explorationLock speedFull tech treeHidden civsTurbo modeCheats
Victory
Defeat
🇸🇪 Turks · Sweden
586
+16
🇺🇦 Portuguese · Ukraine
586
-16
vova80
12:59 Feudal Age
13:21 Horse Collar
15:00 Double-Bit Axe
16:11 Gold Mining
16:12 Stone Mining
20:50 Castle Age
23:30 Stone Shaft Mining
23:20 Bow Saw
23:20 Heavy Plow
26:08 Wheelbarrow
25:20 Loom
25:21 Town Watch
32:09 Imperial Age
30:00 Husbandry
31:00 Bloodlines
31:18 Fletching
31:39 Forging
31:33 Scale Mail Armor
32:42 Padded Archer Armor
32:49 Scale Barding Armor
33:17 Bodkin Arrow
33:57 Cavalier
38:07 Town Patrol
43:16 Bracer
43:32 Leather Archer Armor
45:11 Pikeman
45:52 Elite Skirmisher
47:47 Halberdier
ArminGN
10:52 Feudal Age
11:13 Horse Collar
18:42 Castle Age
16:54 Double-Bit Axe
17:35 Stone Mining
18:39 Forging
19:49 Heavy Plow
29:56 Imperial Age
28:33 Wheelbarrow
28:11 Bow Saw
28:15 Fletching
31:10 Iron Casting
30:37 Padded Archer Armor
30:43 Scale Barding Armor
32:16 Husbandry
32:30 Bloodlines
33:44 Squires
35:36 Blast Furnace
34:53 Leather Archer Armor
35:25 Masonry
43:11 Ring Archer Armor
43:03 Chain Barding Armor
42:39 Bodkin Arrow
43:30 Architecture
42:46 Arrowslits
43:23 Ballistics
43:24 Bombard Tower
49:45 Plate Barding Armor
49:11 Bracer
Connection lost

Rejoining the realm…

Still unreachable

The connection could not be restored.

Session expired

The server has moved on; the page needs a fresh start.